 Dungeon Crawl Stone Soup version 0.24-a0-614-geaf2f25 (webtiles) character file.

Game seed: 15771299070931035701, levelgen mode: deterministic

212 GrazedDisgrace the Ducker (level 5, -3/41 HPs)
             Began as a Demonspawn Gladiator on Sept 12, 2019.
             Slain by a worker ant (5 damage)
             ... on level 4 of the Dungeon.
             The game lasted 00:14:07 (3317 turns).

GrazedDisgrace the Ducker (Demonspawn Gladiator)    Turns: 3317, Time: 00:14:08

Health: -3/41      AC:  5    Str: 15    XL:     5   Next: 58%
Magic:  5/5        EV: 13    Int: 10    God:
Gold:   127        SH:  9    Dex: 14    Spells: 4/4 levels left

rFire    . . .     SeeInvis .   a - +1 trident
rCold    . . .     Gourm    .   (no shield)
rNeg     . . .     Faith    .   b - +1 leather armour
rPois    .         Spirit   .   c - +0 helmet
rElec    .         Reflect  +   (no cloak)
rCorr    .         Harm     .   (no gloves)
MR       .....                  (no boots)
Stlth    +.........             k - +5 amulet of reflection
HPRegen  0.13/turn              (no ring)
MPRegen  0.09/turn              (no ring)

@: no status effects
A: claws 1, large bone plates 1, demonic guardian 1
a: no special abilities


You were on level 4 of the Dungeon.
You were not hungry.

You visited 1 branch of the dungeon, and saw 4 of its levels.

You collected 127 gold pieces.

Inventory:

Hand Weapons
 a - a +1 trident (weapon)
Missiles
 d - 3 throwing nets (quivered)
 m - 6 silver javelins
Armour
 b - a +1 leather armour (worn)
 c - a +0 helmet (worn)
Jewellery
 k - a +5 amulet of reflection (around neck)
Scrolls
 e - 2 scrolls of remove curse
 j - 2 scrolls of blinking
Potions
 g - a potion of lignification {unknown}
 h - a potion of heal wounds {unknown}
 i - a potion of curing {unknown}
 l - a potion of haste
 n - 2 potions of degeneration {unknown}
Comestibles
 f - 8 rations


   Skills:
 + Level 3.3 Fighting
 + Level 3.6 Polearms
 + Level 3.0 Throwing
 + Level 3.7 Dodging


You had 4 spell levels left.
You didn't know any spells.
Your spell library was empty.

Dungeon Overview and Level Annotations

Branches:
Dungeon (4/15)
 Temple: D:4-7

Altars:
Ashenzari
Kikubaaqudgha


Innate Abilities, Weirdness & Mutations

You have sharp fingernails.
You are partially covered in large bone plates. (SH +4)
A weak demonic guardian rushes to your aid.


Message History

You hit the iguana.
You kill the iguana!
You block the orc's attack.
You barely miss the orc. The worker ant completely misses you.
You block the orc's attack.
You hit the orc.
The orc is heavily wounded.
You block the worker ant's attack. The orc hits you with a +0 whip.
* * * LOW HITPOINT WARNING * * *
The worker ant bites you!
* * * LOW HITPOINT WARNING * * *
Your quasit bites the orc.
Your quasit claws the orc.
The orc dies!
Your quasit bites the worker ant but does no damage.
Your quasit claws the worker ant. x2
Your quasit bites the worker ant but does no damage.
Your quasit claws the worker ant but does no damage.
Your quasit barely misses the worker ant.
The orc misses your quasit. The worker ant bites you.
You die...

.......##)##?##..
##......§(..###... #.
..........(((..... ...
#............>....
...####.................
#...........##............
.............#......###....
.....................# ##...
....$......@###....... ....#
.........#.a................
.........#.5.##.... ......
.........##o....... ...
.........)†)#.##... ....
##..........#..# . ....
.....).....##.... ...?
............###...
............# ....


You could see a worker ant, an orc and a friendly quasit.

Vanquished Creatures
  A centaur (D:4)
  An iguana (D:4)
  4 adders
  A shadow imp (D:4)
  2 worms (D:2)
  2 dart slugs
  3 leopard geckos
  2 orcs
  6 giant cockroaches
  7 goblins
  A hobgoblin (D:1)
  7 jackals
  A quokka (D:2)
  A ball python (D:1)
  8 bats
  3 frilled lizards
  6 kobolds
  6 rats
62 creatures vanquished.

Vanquished Creatures (collateral kills)
  2 orcs (D:4)
2 creatures vanquished.

Grand Total: 64 creatures vanquished

Notes
Turn   | Place    | Note
-------+----------+-------------------------------------------
     0 | D:1      | GrazedDisgrace the Demonspawn Gladiator began the quest for
                  | the Orb.
     0 | D:1      | Reached XP level 1. HP: 16/16 MP: 1/1
    61 | D:1      | Gained mutation: You have sharp fingernails. [demonic
                  | ancestry]
    61 | D:1      | Reached XP level 2. HP: 9/22 MP: 2/2
  1198 | D:2      | Gained mutation: You are partially covered in large bone
                  | plates. (SH +4) [demonic ancestry]
  1198 | D:2      | Reached XP level 3. HP: 28/28 MP: 3/3
  1750 | D:2      | Found a shattered altar of Ashenzari.
  1757 | D:2      | Found an ancient bone altar of Kikubaaqudgha.
  1933 | D:3      | Gained mutation: A weak demonic guardian rushes to your
                  | aid. [demonic ancestry]
  1933 | D:3      | Reached XP level 4. HP: 31/34 MP: 4/4
  3069 | D:4      | Noticed a centaur
  3087 | D:4      | Killed a centaur
  3087 | D:4      | Reached XP level 5. HP: 2/41 MP: 5/5
  3314 | D:4      | HP: 2/41 [worker ant (7)]
  3317 | D:4      | Slain by a worker ant

Levels and vault maps discovered:
D:1:      scummos_arrival_checkerplants, layout_basic, minmay_misc_feat_square
D:2:      layout_rooms, amethyst_overflow_temple_binary, first_ration
D:3:      layout_basic, minmay_misc_feat_five
D:4:      layout_cave_pools, portal_sewer_entry_d, minmay_joined_circles

Skill      XL: |  1  2  3  4  5 |
---------------+----------------+-----
Throwing       | 2 3 |  3.0
Dodging        | 3 |  3.7
Polearms       | 3 |  3.6
Fighting       | 3 |  3.3

Action                   |  1- 3 |  4- 6 || total
-------------------------+-------+-------++-------
Melee: Trident           |   132 |    69 ||   201
  Use: Scroll            |     8 |     4 ||    12
 Stab: Sleeping          |     2 |     1 ||     3
  Eat: Chunk             |     3 |     3 ||     6
       Ration            |       |     1 ||     1
Armor: Leather armour    |    28 |    11 ||    39
Dodge: Dodged            |    78 |    38 ||   116
Block: Other             |    15 |    33 ||    48
       Reflection        |       |     1 ||     1

Table legend:
 A = Non-vault XP
 B = Vault XP
 C = Vault XP percentage of total XP
 D = Non-vault monster count
 E = Vault monster count
 F = Vault count percentage of total count
                 A         B        C        D         E       F
            +---------+---------+-------+---------+---------+-------
      Total |     278 |      25 |   8.3 |      62 |       2 |   3.1
            +---------+---------+-------+---------+---------+-------
        D:1 |      32 |       0 |   0.0 |      19 |       0 |   0.0
        D:2 |      63 |       0 |   0.0 |      20 |       0 |   0.0
        D:3 |      47 |       0 |   0.0 |      18 |       0 |   0.0
        D:4 |     136 |      25 |  15.5 |       5 |       2 |  28.6
            +---------+---------+-------+---------+---------+-------
